 Dungeon Crawl Stone Soup version 0.29.0-4-gdea44cf6ec (webtiles) character file.

Game seed: 1831491711343820550

350 qw the Chopper (level 6, -11/40 HPs)
             Began as a Gargoyle Fighter on Sept 9, 2022.
             Mangled by an ogre
             ... wielding a +0 giant club
              (16 damage)
             ... on level 5 of the Dungeon.
             The game lasted 00:01:30 (2876 turns).

qw the Chopper (Gargoyle Fighter)                   Turns: 2876, Time: 00:01:31

Health: -11/40     AC: 17    Str: 21    XL:     6   Next: 60%
Magic:  6/6        EV:  5    Int:  9    God:
Gold:   258        SH:  4    Dex:  9    Spells: 5/5 levels left

rFire   . . .      SeeInvis .   Y - +0 war axe (vorpal)
rCold   . . .      Faith    .   c - +0 buckler
rNeg    + . .      Spirit   .   e - +0 plate armour
rPois   inf        Reflect  .   (no helmet)
rElec   +          Harm     .   m - +0 cloak
rCorr   .          Rampage  .   (no gloves)
Will    .....                   (no boots)
Stlth   ..........              j - amulet of regeneration
HPRegen 0.93/turn               (no ring)
MPRegen 0.10/turn               (no ring)

@: no status effects
A: sickness immunity, AC +4, negative energy resistance 1, electricity
resistance, torment resistance 1, petrification resistance
a: no special abilities


You were on level 5 of the Dungeon.
You visited 2 branches of the dungeon, and saw 6 of its levels.

You collected 258 gold pieces.


Innate Abilities, Weirdness & Mutations

You are immune to sickness and miasma.
Your stone body is resilient. (AC +4)
You are immune to poison.
You resist negative energy. (rN+)
You are resistant to electric shocks. (rElec)
You are resistant to unholy torment.
You are immune to petrification.


   Skills:
 - Level 4.9 Fighting
 + Level 5.4 Axes
 - Level 3.2 Armour
 - Level 3.2 Shields


You had 5 spell levels left.
You didn't know any spells.
Your spell library was empty.

Inventory:

Hand Weapons
 b - a +0 morningstar
 Y - a +0 vorpal war axe (weapon)
Missiles
 k - 3 boomerangs (quivered)
Armour
 c - a +0 buckler (worn)
 e - a +0 plate armour (worn)
 m - a +0 cloak (worn)
Jewellery
 j - an amulet of regeneration (around neck)
 q - a ring of ice
Scrolls
 h - a scroll of identify
 i - 2 scrolls of fog
Potions
 a - a potion of heal wounds {unknown}
 d - 2 potions of might
 f - a potion of ambrosia {unknown}
 g - 2 potions of haste
 l - a potion of attraction {unknown}
 n - a potion of brilliance {unknown}
 p - a potion of curing

Dungeon Overview and Level Annotations

Branches:
Dungeon (5/15)             Temple (1/1) D:4

Altars:
Dithmenos
Elyvilon
Fedhas
Hepliaklqana
Kikubaaqudgha
Makhleb
Qazlal
Ru
Sif Muna
Trog
Uskayaw
Wu Jian


Message History

(D) Dungeon (T) Temple
Where to? (* - list waypoints, Enter - D:4, ? - help)
What level of the Dungeon? (default 1, ? - help)
There is a stone staircase leading down here.
You climb downwards.
You hear the sound of rushing water.
There is an entrance to a sewer on this level.
Hurry and find it before the portal rusts away!
The ogre shouts!
There is a stone staircase leading up here.
An ogre is nearby!
Existing waypoints: (1) D:4 (2) Temple Assign waypoint to what number? (0-9, D - delete waypoint) Waypoint 2 re-assigned from Temple to D:5.
2869 ||| PLANNING SEWER You slash the ogre!
The ogre is heavily wounded.
You block the ogre's attack.
You barely miss the ogre.
The ogre is heavily wounded.
The ogre hits you with a +0 giant club!
You hit the ogre but do no damage.
The ogre is heavily wounded.
You hit the ogre.
The ogre is severely wounded.
The ogre barely misses you.
You hit the ogre but do no damage.
The ogre is severely wounded.
The ogre hits you with a +0 giant club!
You barely miss the ogre.
The ogre is severely wounded.
You block the ogre's attack.
You hit the ogre.
The ogre is severely wounded.
The ogre hits you with a +0 giant club!!
Ouch! That really hurt!
You completely miss the ogre.
The ogre is severely wounded.
The ogre hits you with a +0 giant club!
You die...

### ..# #.#
#.#
.######O##.#
.......@...#
.######.####
#.# ..# ###


You could see an ogre.

Vanquished Creatures
  A sky beast (D:4)
  2 iguanas
  An orc wizard (D:4)
  4 gnolls (D:2)
  7 adders
  A worm (D:3)
  2 dart slugs
  4 orcs (D:4)
  7 ball pythons
  6 endoplasms
  A giant cockroach (D:2)
  10 goblins
  A hobgoblin (D:4)
  6 kobolds
  8 quokkas
  4 bats
  6 frilled lizards
  3 rats
74 creatures vanquished.

Vanquished Creatures (others)
  14 plants (D:2)
14 creatures vanquished.

Grand Total: 88 creatures vanquished

Notes
Turn   | Place    | Note
-------+----------+-------------------------------------------
     0 | D:1      | qw the Gargoyle Fighter began the quest for the Orb.
     0 | D:1      | Reached XP level 1. HP: 14/14 MP: 1/1
     0 | D:1      | 0 ||| qw: Version: 0.1-a-113-g051387a
     0 | D:1      | 0 ||| qw: Game counter: 7032
     0 | D:1      | 0 ||| qw: Always use a shield: true
     0 | D:1      | 0 ||| qw: God list: Okawaru
     0 | D:1      | 0 ||| qw: Allow faded altars: false
     0 | D:1      | 0 ||| qw: Do Orc after D:15 true
     0 | D:1      | 0 ||| qw: Do second Lair branch before Depths: true
     0 | D:1      | 0 ||| qw: Lair rune preference: random
     0 | D:1      | 0 ||| qw: Plans: Normal, Zot, God:TSO, Crypt, Tomb, Zig,
                  | Orb
     0 | D:1      | 0 ||| PLANNING D:1-11
   124 | D:1      | Reached skill level 2 in Axes
   304 | D:1      | Reached XP level 2. HP: 19/19 MP: 2/2
   540 | D:1      | 540 ||| Stepping ~*~*~tactically~*~*~ (stealth).
   883 | D:1      | 883 ||| UPGRADING to +0 plate armour.
   893 | D:1      | 893 ||| DROPPING +0 scale mail.
   894 | D:1      | 894 ||| UPGRADING to amulet of regeneration.
   899 | D:1      | 899 ||| READING scroll labelled WIH HEEFIME.
   900 | D:1      | 900 ||| READING 2 scrolls labelled VOICUI FUOCVU.
   901 | D:1      | 901 ||| READING scroll labelled DOAMA NEUGRUL.
   902 | D:1      | 902 ||| READING scroll labelled RIL BINGIFESM.
   951 | D:2      | Reached skill level 3 in Axes
   988 | D:2      | Reached XP level 3. HP: 22/23 MP: 3/3
  1033 | D:2      | Found a faded altar of an unknown god.
  1037 | D:2      | 1037 ||| Stepping ~*~*~tactically~*~*~ (stealth).
  1065 | D:2      | 1065 ||| Stepping ~*~*~tactically~*~*~ (hiding).
  1172 | D:2      | 1172 ||| DROPPING +0 mace.
  1273 | D:2      | 1273 ||| Stepping ~*~*~tactically~*~*~ (stealth).
  1316 | D:2      | Reached XP level 4. HP: 28/28 MP: 4/4
  1325 | D:2      | 1325 ||| Stepping ~*~*~tactically~*~*~ (stealth).
  1327 | D:2      | 1327 ||| Stepping ~*~*~tactically~*~*~ (hiding).
  1330 | D:2      | 1330 ||| Stepping ~*~*~tactically~*~*~ (hiding).
  1331 | D:2      | 1331 ||| Stepping ~*~*~tactically~*~*~ (hiding).
  1335 | D:2      | Reached skill level 4 in Axes
  1397 | D:2      | 1397 ||| Stepping ~*~*~tactically~*~*~ (stealth).
  1398 | D:2      | 1398 ||| Stepping ~*~*~tactically~*~*~ (stealth).
  1399 | D:2      | 1399 ||| Stepping ~*~*~tactically~*~*~ (stealth).
  1555 | D:2      | Reached XP level 5. HP: 32/32 MP: 5/5
  1782 | D:2      | 1782 ||| UPGRADING to +0 cloak.
  1787 | D:2      | 1787 ||| DROPPING amulet of the acrobat.
  1788 | D:2      | 1788 ||| READING scroll labelled JEALAO BAPA.
  1789 | D:2      | 1789 ||| READING scroll labelled CYIHEB WEEM.
  1890 | D:2      | 1890 ||| READING scroll labelled LOASUI KUROTZI.
  2008 | D:3      | Found a white marble altar of Elyvilon.
  2082 | D:3      | Reached skill level 5 in Axes
  2375 | D:3      | 2375 ||| DROPPING +6 ring of intelligence.
  2376 | D:3      | 2376 ||| READING 2 scrolls labelled XUCYIX QEFATOEPP.
  2377 | D:3      | 2377 ||| DRINKING 2 clear potions.
  2378 | D:3      | 2378 ||| DROPPING scroll of magic mapping.
  2426 | D:4      | 2426 ||| Stepping ~*~*~tactically~*~*~ (hiding).
  2443 | D:4      | 2443 ||| Stepping ~*~*~tactically~*~*~ (stealth).
  2446 | D:4      | Noticed a sky beast
  2447 | D:4      | 2447 ||| Stepping ~*~*~tactically~*~*~ (stealth).
  2449 | D:4      | 2449 ||| Stepping ~*~*~tactically~*~*~ (stealth).
  2456 | D:4      | 2456 ||| Stepping ~*~*~tactically~*~*~ (hiding).
  2474 | D:4      | Killed a sky beast
  2475 | D:4      | Reached XP level 6. HP: 40/40 MP: 6/6
  2621 | D:4      | Found a staircase to the Ecumenical Temple.
  2623 | D:4      | 2623 ||| PLANNING TEMPLE
  2633 | Temple   | Entered the Ecumenical Temple
  2667 | Temple   | 2667 ||| PLANNING D:1-11
  2718 | D:4      | Identified the +1 leather armour of Divine Compulsion
                  | {Int+3 Dex+3 Stlth+}
  2868 | D:5      | Entered Level 5 of the Dungeon
  2869 | D:5      | 2869 ||| PLANNING SEWER
  2875 | D:5      | HP: 4/40 [ogre/+0 giant club (21)]
  2876 | D:5      | Mangled by an ogre

Levels and vault maps discovered:
D:1:      matt_arrival_diagonals, layout_loops_corners, solitary_fountain
D:2:      layout_rooms, serial_bayou, serial_bayou_pond_e,
          serial_bayou_lagoon_b, serial_bayou_pond_e, serial_bayou_ford_a,
          shapermc_ecumenical_altar_mp_ritualfount, kennysheep_generic_room_12
D:3:      layout_rooms, elyvilon_altar_1, minivault_25
D:4:      layout_rooms, minmay_temple_entry_antechambers, minmay_misc_feat_doors
D:5:      layout_loops_corners, kennysheep_mini, kennysheep_mini_moat,
          cheibrodos_sewer_entry_drain, hellmonk_ghost_happy_afterlife,
          chequers_serial_rivers_large_a, minmay_strange_pillars,
          uniq_blork_the_orc, uniq_edmund
Temple:   hellmonk_temple_of_storms

Skill      XL: |  1  2  3  4  5 |
---------------+----------------+-----
Axes           | 2 3 4 5 |  5.4
Fighting       | 4 |  4.9
Armour         | |  3.2
Shields        | |  3.2

Action                   |  1- 3 |  4- 6 || total
-------------------------+-------+-------++-------
Melee: War axe           |    91 |   129 ||   220
Throw: Boomerang         |     1 |    51 ||    52
  Use: Scroll            |     4 |     4 ||     8
       Potion            |       |     1 ||     1
Armor: Scale mail        |    13 |       ||    13
       Plate armour      |    35 |    71 ||   106
Dodge: Dodged            |    35 |    21 ||    56
Block: Buckler           |    16 |    27 ||    43

Table legend:
 A = Non-vault XP
 B = Vault XP
 C = Vault XP percentage of total XP
 D = Non-vault monster count
 E = Vault monster count
 F = Vault count percentage of total count
                 A         B        C        D         E       F
            +---------+---------+-------+---------+---------+-------
      Total |     498 |       2 |   0.4 |      73 |       1 |   1.4
            +---------+---------+-------+---------+---------+-------
        D:1 |      28 |       0 |   0.0 |      17 |       0 |   0.0
        D:2 |     150 |       2 |   1.3 |      24 |       1 |   4.0
        D:3 |      84 |       0 |   0.0 |      13 |       0 |   0.0
        D:4 |     236 |       0 |   0.0 |      19 |       0 |   0.0
            +---------+---------+-------+---------+---------+-------
